 Seeded DCSS version 0.30.1-11-g7821555f0a (webtiles) character file.

Game seed: 5 (custom seed)

345 Kazon the Trooper (level 6, -2/49 HPs)
             Began as a Demonspawn Monk on Jan 11, 2024.
             Was a Believer of Okawaru.
             Slain by a black bear (5 damage)
             ... on level 4 of the Dungeon.
             The game lasted 00:08:22 (2664 turns).

Kazon the Trooper (Demonspawn Monk)                 Turns: 2664, Time: 00:08:22

Health: -2/49      AC:  3    Str: 13    XL:     6   Next: 32%
Magic:  16/16      EV:  9    Int: 11    God:    Okawaru [**....]
Gold:   178        SH: 14    Dex: 22    Spells: 5/5 levels left

rFire   . . .        e - +2 dagger (vamp)
rCold   . . .        c - +0 tower shield
rNeg    . . .        b - +0 robe
rPois   .            (helmet restricted)
rElec   .            (no cloak)
rCorr   .            (no gloves)
SInv    .            (no boots)
Will    .....        (no amulet)
Stlth   ++           s - ring of magical power
HPRegen 0.28/turn    y - +6 ring of dexterity
MPRegen 0.15/turn

%: no passive effects
@: no status effects
A: antennae 2, rugged brown scales 1, powered by death 1
a: Renounce Religion, Heroism


You were on level 4 of the Dungeon.
You worshipped Okawaru.
Okawaru was pleased with you.
You visited 2 branches of the dungeon, and saw 5 of its levels.

You collected 178 gold pieces.

Inventory:

Hand Weapons
 a - a +0 hand axe
 e - a +2 vampiric dagger (weapon)
 r - a +2 broad axe of flaming
Missiles
 f - 10 stones
 k - 3 boomerangs
 t - 2 poisoned darts (quivered)
Armour
 b - a +0 robe (worn)
 c - a +0 tower shield (worn)
 d - an orb of light
Jewellery
 s - a ring of magical power (left hand)
 y - a +6 ring of dexterity (right hand)
Scrolls
 g - a scroll of fog {unknown}
 l - a scroll of teleportation {unknown}
 n - 2 scrolls of magic mapping {unknown}
 o - a scroll of summoning {unknown}
 p - 2 scrolls of identify {unknown}
 q - a scroll of blinking {unknown}
 z - a scroll of torment {unknown}
Potions
 h - a potion of resistance {unknown}
 i - a potion of ambrosia
 j - 3 potions of curing {unknown}
 m - a potion of magic {unknown}
 u - a potion of flight {unknown}
 v - a potion of berserk rage {unknown}
 w - a potion of invisibility {unknown}
 x - 2 potions of heal wounds {unknown}


   Skills:
 + Level 3.9 Fighting
 + Level 1.7 Short Blades
 + Level 3.8 Axes
 * Level 1.9 Throwing
 + Level 3.2 Dodging
 + Level 1.0 Stealth
 + Level 1.6 Shields
 * Level 2.0 Invocations


You had 5 spell levels left.
You didn't know any spells.
Your spell library contained the following spells:

 Spells                   Type           Power      Damage    Failure   Level
 Frozen Ramparts          Ice            0%         1d1       100%        3
 Ice Form                 Ice/Tmut       0%         N/A       100%        4
 Summon Ice Beast         Ice/Summ       Unusable   N/A       N/A         4

Dungeon Overview and Level Annotations

Branches:
Dungeon (4/15)             Temple (1/1) D:4

Altars:
Fedhas
Gozag
Okawaru
Qazlal
Trog
Uskayaw
Wu Jian


Innate Abilities, Weirdness & Mutations

You have a pair of antennae on your head.
You are partially covered in rugged brown scales. (AC +1, +3% HP)
You regenerate a little health from kills.


Message History

The black bear completely misses you. The black bear closely misses you.
You block the black bear's attack.
You completely miss the black bear.
The black bear is lightly wounded.
The black bear bites you. You block the black bear's attack.
The black bear misses you.
You puncture the black bear!
The black bear is heavily wounded.
You block the black bear's attack. The black bear closely misses you.
The black bear barely misses you.
You hit the black bear.
The black bear is severely wounded.
You block the black bear's attack. The black bear claws you.
The black bear claws you but does no damage.
You hit the black bear.
You feel better.
The black bear is severely wounded.
The black bear goes berserk!
You hit the black bear.
The black bear is almost dead.
The black bear misses you. You block the black bear's attack.
The black bear claws you.
You closely miss the black bear.
The black bear is almost dead.
You feel like a meek peon again. The black bear barely misses you.
You block the black bear's attack. x2
The black bear misses you. The black bear barely misses you. x2
You barely miss the black bear.
The black bear is almost dead.
The black bear barely misses you. The black bear claws you.
* * * LOW HITPOINT WARNING * * *
The black bear claws you.
* * * LOW HITPOINT WARNING * * *
The black bear bites you.
* * * LOW HITPOINT WARNING * * *
You block the black bear's attack. The black bear claws you.
* * * LOW HITPOINT WARNING * * *
You hit the black bear.
The black bear is almost dead.
The black bear bites you.
You die...

#########......###..##.######.
##......###..##.######.
#####.....>.......... ...#.
#................##.####.#.
#......###..##...##........
#......#...................
#......###..##.#...)##.#.#.
#......# #.................
#......# #@###.#.##.##.#.#.
#......# #h# #.#.##.##.#.##
#......# #o# #.#.##.##.#..#
...###+####o# ###.##.##.##.#
#..o..h....(## #.##.##.##..
#..o......o.# { ####........
.........# #.##.#.#.
........(# #........
####+##... #.#...


You could see a black bear (berserk) and 2 orcs.

Vanquished Creatures
  Sigmund (D:4)
  A scorpion (D:4)
  4 adders
  3 worms
  4 orcs
  4 bats
  9 endoplasms
  A giant cockroach (D:1)
  12 goblins
  7 hobgoblins
  11 jackals
  3 kobolds
  2 quokkas (D:4)
  6 ball pythons
  3 frilled lizards
  4 rats
75 creatures vanquished.

Notes
Turn   | Place    | Note
-------+----------+-------------------------------------------
     0 | D:1      | Kazon the Demonspawn Monk began the quest for the Orb.
     0 | D:1      | Reached XP level 1. HP: 18/18 MP: 1/1
    36 | D:1      | Identified a scroll of acquirement
    36 | D:1      | Acquired a +2 broad axe of flaming
    71 | D:1      | Gained mutation: You have a pair of small antennae on your
                  | head. [demonic ancestry]
    71 | D:1      | Reached XP level 2. HP: 21/24 MP: 2/2
   380 | D:1      | Gained mutation: You are partially covered in rugged brown
                  | scales. (AC +1, +3% HP) [demonic ancestry]
   380 | D:1      | Reached XP level 3. HP: 24/29 MP: 3/3
  1082 | D:2      | Reached XP level 4. HP: 29/37 MP: 4/4
  1255 | D:2      | Reached skill level 1 in Throwing
  1524 | D:2      | Reached skill level 1 in Shields
  1683 | D:3      | Found a blossoming altar of Fedhas.
  1889 | D:3      | Found a stormy altar of Qazlal.
  1982 | D:3      | Found a faded altar of an unknown god.
  2085 | D:3      | Identified the +2 sling "Qeuhanocyt" {speed, rElec Str-3
                  | Dex+2}
  2126 | D:4      | Found a staircase to the Ecumenical Temple.
  2134 | Temple   | Entered the Ecumenical Temple
  2150 | Temple   | Became a worshipper of Warmaster Okawaru
  2150 | Temple   | Reached * piety under Okawaru
  2150 | Temple   | Reached ** piety under Okawaru
  2217 | D:4      | Noticed a scorpion
  2230 | D:4      | Killed a scorpion
  2231 | D:4      | Reached skill level 1 in Invocations
  2231 | D:4      | Gained mutation: You regenerate a little health from kills.
                  | [demonic ancestry]
  2231 | D:4      | Reached XP level 5. HP: 5/43 MP: 5/5
  2234 | D:4      | HP: 2/43 [poisoned by a scorpion]
  2422 | D:4      | Noticed Sigmund
  2442 | D:4      | Killed Sigmund
  2443 | D:4      | Reached skill level 1 in Short Blades
  2443 | D:4      | Reached skill level 1 in Stealth
  2443 | D:4      | Gained mutation: You have a pair of antennae on your head.
                  | [demonic ancestry]
  2443 | D:4      | Reached XP level 6. HP: 33/49 MP: 7/7
  2664 | D:4      | Slain by a black bear

Illustrated notes

Levels and vault maps discovered:
D:1:      ebering_trefoil_3fold, layout_basic, st_stairs_14, serial_bayou_ford_a
D:2:      layout_basic, hangedman_decor_growths, minmay_close_crescents
D:3:      layout_rooms, mainiacjoe_overflow_concentric_impassable,
          mainiacjoe_overflow_paths, shapermc_ecumenical_altar_acropolis,
          chequers_serial_rivers_micro_b
D:4:      layout_basic, riverfiend_overflow_shadow_ancestor,
          minmay_temple_entry_glass, uniq_sigmund
Temple:   nicolae_temple_elliptical

Skill      XL: |  1  2  3  4  5  6 |
---------------+-------------------+-----
Axes           | 3 |  3.8
Dodging        | 3 |  3.2
Throwing       | 1 |  1.9
Shields        | 1 |  1.6
Invocations    | 1 2 |  2.0
Short Blades   | 1 |  1.7
Stealth        | 1 |  1.0
Fighting       | |  3.9

Action                     |  1- 3 |  4- 6 || total
---------------------------+-------+-------++-------
  Melee: Hand axe          |    10 |       ||    10
         Broad axe         |   100 |    38 ||   138
         Dagger            |       |   102 ||   102
  Throw: Stone             |       |     6 ||     6
         Dart              |       |     3 ||     3
 Invoke: Heroism           |       |     1 ||     1
    Use: Scroll            |     2 |       ||     2
   Stab: Sleeping          |     1 |     3 ||     4
         Distracted        |       |     1 ||     1
 Armour: Robe              |    29 |    16 ||    45
  Dodge: Dodged            |    54 |    62 ||   116
  Block: Tower shield      |    53 |   103 ||   156
